 Dungeon Crawl Stone Soup version 0.30-b1-2-g02819fbbbe (webtiles) character file.

Game seed: 12698167214061131335

311496 raph the Fencer (level 20, -3/162 HPs)
             Began as a Demonspawn Gladiator on Jan 2, 2024.
             Was the Champion of Makhleb.
             Splashed by a brown very ugly thing's acid (7 damage)
             ... on level 4 of the Vaults.
             The game lasted 01:17:38 (46696 turns).

raph the Fencer (Demonspawn Gladiator)             Turns: 46696, Time: 01:17:38

Health: -3/162     AC: 28    Str: 18    XL:     20   Next: 42%
Magic:  40/40      EV: 23    Int: 13    God:    Makhleb [******]
Gold:   2565       SH: 16    Dex: 20    Spells: 19/19 levels left

rFire   + . .        a - +8 scimitar (freeze)
rCold   + + .        F - +3 warlock's mirror {omnireflect}
rNeg    + . .        C - +7 Kryia's mail coat {PotionHeal*2 rC+}
rPois   +            x - +2 helmet
rElec   .            V - +2 cloak {rPois}
rCorr   .            (gloves unavailable)
SInv    .            T - +3 pair of mountain boots {steadfast, rC+}
Will    ++...        B - amulet of regeneration Stlth
                     A - ring of Bam Biub {Drain rF+ rN+ MP+9 Int+3}
HPRegen 1.27/turn    m - +5 ring of evasion
MPRegen 0.27/turn

%: reflection
@: no status effects
A: claws 3, large bone plates 2, ignite blood 2, spiny 2, demonic willpower
}: 2/15 runes: barnacled, gossamer
a: Renounce Religion, Minor Destruction, Lesser Servant of Makhleb, Major
Destruction, Greater Servant of Makhleb


You were on level 4 of the Vaults.
You worshipped Makhleb.
Makhleb was exalted by your worship.
You visited 7 branches of the dungeon, and saw 35 of its levels.
You also visited: Ice Cave.

You collected 5105 gold pieces.
You spent 2540 gold pieces at shops.

Inventory:

Hand Weapons
 a - a +8 scimitar of freezing (weapon)
 b - a +0 scimitar of flaming
Missiles
 d - 11 throwing nets
 s - 44 poisoned darts
 v - 5 silver boomerangs
 H - 39 boomerangs (quivered)
Armour
 x - a +2 helmet (worn)
 C - the +7 Kryia's mail coat (worn) {PotionHeal*2 rC+}
   (You found it on level 5 of the Dungeon)

   PotionHeal*2: Potions heal its wearer twice as much.
   rC:        It protects you from cold.
 F - the +3 warlock's mirror (worn) {omnireflect}
   (You acquired it on level 6 of the Dungeon)

   Omnireflect: It can block and reflect piercing ranged attacks and magical
   attacks against the wielder's willpower.
 T - the +3 pair of mountain boots (worn) {steadfast, rC+}
   (You bought it in a shop on level 8 of the Dungeon)

   Steadfast: It prevents involuntary movement, except for blinking,
   teleportation, or banishment.
   rC:        It protects you from cold.
 V - a +2 cloak of poison resistance (worn)
Jewellery
 c - a +4 ring of protection
 g - a ring of see invisible
 m - a +5 ring of evasion (right claw)
 A - the ring of Bam Biub (left claw) {Drain rF+ rN+ MP+9 Int+3}
   (You found it on level 3 of the Dungeon)

   [ring of magical power]

   Int:       It affects your intelligence (+3).
   rF:        It protects you from fire.
   rN:        It protects you from negative energy.
   MP:        It affects your magic capacity (+9).
   Drain:     It drains your maximum health when unequipped.
 B - an amulet of regeneration (around neck)
 I - the ring of the Princess {rC+ rN+ Str+3}
   (You found it on level 1 of the Shoals)

   [ring of protection from cold]

   Str:       It affects your strength (+3).
   rC:        It protects you from cold.
   rN:        It protects you from negative energy.
 P - a ring of flight
Wands
 h - a wand of paralysis (34)
 q - a wand of quicksilver (30)
 y - a wand of roots (27)
 D - a wand of digging (25)
 X - a wand of flame (33)
Scrolls
 f - 10 scrolls of teleportation
 r - 3 scrolls of summoning
 w - 4 scrolls of blinking
 z - 5 scrolls of poison
 E - 4 scrolls of fog
 L - 5 scrolls of fear
 M - 2 scrolls of amnesia
 O - a scroll of magic mapping
 R - 9 scrolls of brand weapon
Potions
 i - 10 potions of ambrosia
 j - 6 potions of mutation
 k - 8 potions of flight
 l - 6 potions of might
 o - 5 potions of curing
 p - 6 potions of haste
 t - 8 potions of invisibility
 G - 3 potions of cancellation
 J - 4 potions of resistance
 K - a potion of heal wounds
 N - 2 potions of berserk rage
Miscellaneous
 n - a phial of floods
 U - a box of beasts
 W - a phantom mirror
 Y - a condenser vane


   Skills:
 + Level 15.3 Fighting
 + Level 16.7 Long Blades
 + Level 11.6 Throwing
 + Level 13.8 Armour
 + Level 14.2 Dodging
 - Level 9.6 Shields
 - Level 15.0 Invocations
 + Level 11.4 Evocations


You had 19 spell levels left.
You didn't know any spells.
Your spell library contained the following spells:

 Spells                   Type           Power      Damage    Failure   Level
 Foxfire                  Conj/Fire      0%         2x1d4     65%         1
 Sandblast                Erth           0%         2d4       65%         1
 Shock                    Conj/Air       0%         1d3       65%         1
 Sting                    Tmut/Pois      0%         1d3       65%         1
 Summon Small Mammal      Summ           0%         N/A       65%         1
 Ensorcelled Hibernation  Hex/Ice        0%         N/A       78%         2
 Momentum Strike          Conj/Tloc      0%         3d8       78%         2
 Passwall                 Tmut/Erth      0%         N/A       78%         2
 Poisonous Vapours        Pois/Air       0%         N/A       78%         2
 Scorch                   Fire           0%         2d5       78%         2
 Call Canine Familiar     Summ           0%         N/A       95%         3
 Gell's Gravitas          Tloc           0%         N/A       95%         3
 Mephitic Cloud           Conj/Pois/Air  0%         N/A       95%         3
 Ozocubu's Armour         Ice            0%         N/A       95%         3
 Portal Projectile        Hex/Tloc       0%         N/A       95%         3
 Spider Form              Tmut/Pois      0%         N/A       95%         3
 Stone Arrow              Conj/Erth      0%         3d7       95%         3
 Swiftness                Air            0%         N/A       95%         3
 Volatile Blastmotes      Fire/Tloc      0%         2d10      95%         3
 Airstrike                Air            0%         2d(0-16)  100%        4
 Anguish                  Hex/Necr       0%         N/A       100%        4
 Animate Armour           Summ/Erth      0%         N/A       100%        4
 Flame Wave               Conj/Fire      0%         2d4       100%        4
 Iskenderun's Mystic Bla  Conj/Tloc      0%         2d3       100%        4
 Leda's Liquefaction      Hex/Erth       0%         N/A       100%        4
 Manifold Assault         Tloc           0%         N/A       100%        4
 Olgreb's Toxic Radiance  Pois           0%         N/A       100%        4
 Summon Ice Beast         Ice/Summ       0%         N/A       100%        4
 Summon Lightning Spire   Summ/Air       0%         N/A       100%        4
 Blade Hands              Tmut           0%         N/A       100%        5
 Fireball                 Conj/Fire      0%         3d3       100%        5
 Freezing Cloud           Conj/Ice/Air   0%         6-21      100%        5
 Irradiate                Conj/Tmut      0%         3d11      100%        5
 Iskenderun's Battlesphe  Conj           0%         2d6       100%        5
 Metabolic Englaciation   Hex/Ice        0%         N/A       100%        5
 Summon Forest            Summ/Tloc      0%         N/A       100%        5
 Summon Mana Viper        Hex/Summ       0%         N/A       100%        5
 Iron Shot                Conj/Erth      0%         9d1       100%        6
 Plasma Beam              Fire/Air       0%         2x1d11    100%        6
 Simulacrum               Ice/Necr       0%         N/A       100%        6
 Starburst                Conj/Fire      0%         6d3       100%        6
 Summon Cactus Giant      Summ           0%         N/A       100%        6
 Dragon Form              Tmut           0%         N/A       100%        7
 Monstrous Menagerie      Summ           0%         N/A       100%        7
 Ozocubu's Refrigeration  Ice            0%         4d7       100%        7
 Spellforged Servitor     Conj/Summ      0%         N/A       100%        7
 Storm Form               Tmut/Air       0%         N/A       100%        7
 Discord                  Hex            0%         N/A       100%        8
 Ignition                 Fire           0%         3d3       100%        8
 Lehudib's Crystal Spear  Conj/Erth      0%         10d2      100%        8
 Maxwell's Capacitive Co  Air            0%         ∞         100%        8
 Polar Vortex             Ice            0%         N/A       100%        9


Dungeon Overview and Level Annotations

Branches:
Dungeon (15/15)            Temple (1/1) D:4            Lair (5/5) D:9
 Shoals (4/4) Lair:3       Spider (4/4) Lair:2        Slime (0/5) Lair:4
    Orc (2/2) D:12            Elf (0/3) Orc:2        Vaults (4/5) D:14
  Crypt (0/3) Vaults:2     Depths (0/4) D:15          IceCv (visited)

Altars:
Ashenzari
Cheibriados
Dithmenos
Fedhas
Gozag
Hepliaklqana
Kikubaaqudgha
Makhleb
Nemelex Xobeh
Okawaru
Qazlal
Ru
Sif Muna
Trog
Uskayaw
Vehumet
Wu Jian
Xom
Yredelemnul
Jiyva

Shops:
D:7 [   D:8 [   D:9 ?   D:12 (   Orc:1 *   Orc:2 [::(   Shoals:1 :   Vaults:1 ?

Annotations:
Lair:1 1 runed translucent door, HumanPerson's ghost, journeyman FoFi
Vaults:1 Zenata


Innate Abilities, Weirdness & Mutations

You have claws for hands.
You are mostly covered in large bone plates. (SH +6)
Your demonic aura often causes spilled blood to erupt in flames.
You are mostly covered in sharp spines.
You punish those that try to bend your will. (Will+)


Message History

There is an open door, spattered with blood here.
You see here an ugly thing corpse.
As you read the scroll of teleportation, it crumbles to dust.
You feel strangely unstable.
The hell knight utters an invocation to its god.
The hell knight blinks!
The hell knight mumbles some strange prayers to its god.
The hell knight blinks!
The hell knight utters an invocation to its god.
The hell knight blinks!
The hell knight mumbles some strange prayers to its god.
The hell knight blinks!
The hell knight mumbles some strange prayers to its god.
The hell knight blinks!
The hell knight mumbles some strange prayers to its god.
The hell knight blinks!
The hell knight utters an invocation to its god.
The hell knight blinks!
The hell knight utters an invocation to its god.
The hell knight blinks!
The hell knight mumbles some strange prayers to its god.
The hell knight blinks!
Your surroundings suddenly seem different.
A peacekeeper, a cyan ugly thing and 3 brown very ugly things come into view.
The brown very ugly thing gurgles horribly! x3
You hear a horrible gurgling sound!
A brown ugly thing comes into view.
The peacekeeper moves out of view.
The brown very ugly thing basks in the mutagenic energy from its kin and changes!
A demon appears!
You block the brown very ugly thing's attack.
A demon appears!
You block the cyan ugly thing's attack. The brown very ugly thing misses you.
A demon appears!
The brown ugly thing basks in the mutagenic energy from its kin and changes!
The brown very ugly thing is struck by your spines.
The brown very ugly thing stings you.
* * * LOW HITPOINT WARNING * * *
You are splashed with acid!
You die...

...
#..##..#..#.#.+.
.... ..
#..#.#..#.#. ....
#..##...#.#.
#####..######.#
...............#
############'######
#.3.# #....#...
##.2.# # #..).#...
#4u@.# #.###)##...
#.uu.#
..+..))†[#...
#...u.#
..#.....)##'#
...9.u..#
#+#.)......
..........# ..
#.####.#'
..........# .. #.+
#.#. ####'###..# .
#.# #.#. .. '..#
#.# #.#. ... ..#
#########


You could see 3 very ugly things, 2 ugly things, a peacekeeper, a friendly
cacodemon (summoned), a friendly orange demon (summoned) and a friendly smoke
demon (summoned).

Vanquished Creatures
  Boris (twice) (Vaults:3 Vaults:4)
  Saint Roka (Vaults:3)
  Margery (Vaults:4)
  Jorgrun (D:12)
  A tentacled monstrosity (Vaults:4)
  Rupert (Spider:1)
  Asterion (Vaults:1)
  Mlioglotl (Spider:4)
  2 sphinxes
  Agnes (Spider:1)
  A kraken (Shoals:3)
  Donald (Vaults:1)
  A tengu reaver (Vaults:3)
  2 fire giants
  An azure jelly (Lair:4)
  A frost giant (Shoals:4)
  A deep elf sorcerer (Vaults:4)
  An emperor scorpion (Spider:4)
  7 ghost moths
  15 vault wardens
  The ghost of jazmu the Eclecticist, a journeyman DgEE (Spider:1)
  6 broodmothers
  11 ironbound preservers
  9 very ugly things
  A stone giant (Vaults:3)
  4 war gargoyles
  7 ironbound thunderhulks
  2 vampire knights (Vaults:2)
  Nessos (Lair:3)
  12 dire elephants
  A spark wasp (Spider:4)
  8 merfolk impalers
  An eidolon (Vaults:2)
  A merfolk javelineer (Shoals:4)
  10 yaktaur captains
  4 vault guards (Vaults:1)
  4 great orbs of eyes
  Fannar (D:12)
  6 entropy weavers
  A rakshasa (D:12)
  Harold (D:9)
  2 hydras
  2 ogre magi
  5 radroaches
  2 peacekeepers
  12 ironbound frosthearts
  3 jorogumos
  15 centaur warriors
  6 two-headed ogres
  3 merfolk avatars
  2 satyrs
  The ghost of Phaedo the Basher, a novice AtWr of Nemelex Xobeh (D:8)
  8 boulder beetles
  8 death yaks
  A deep troll earth mage (Vaults:2)
  4 orc high priests (Orc:2)
  3 tengu warriors
  Urug (D:13)
  2 deep elf knights (D:12)
  A hell knight (Vaults:4)
  3 skysharks (Shoals:2)
  9 sea snakes
  39 deep trolls
  4 pharaoh ants
  A skeletal warrior (Vaults:2)
  A sun moth (Spider:1)
  9 steelbarb worms
  6 orb spiders
  A glowing orange brain (Vaults:4)
  6 wizards
  4 lindwurms
  20 ironbound convokers
  9 orc knights
  A phantasmal warrior (Vaults:4)
  8 harpies
  12 ugly things
  3 deep elf pyromancers
  3 necromancers
  31 wolf spiders
  8 cyclopes
  20 fauns
  3 orc sorcerers
  8 manticores
  5 merfolk sirens
  9 moths of wrath
  7 demonic crawlers
  A molten gargoyle (D:15)
  A fire giant skeleton (Vaults:3)
  10 elephants
  Joseph (D:8)
  A stone giant skeleton (Vaults:3)
  4 torpor snails
  An ice statue (IceCv)
  16 vault sentinels
  4 black mambas
  3 water nymphs
  A gargoyle (D:12)
  7 cane toads
  An unseen horror (D:13)
  7 komodo dragons
  35 yaktaurs
  4 rime drakes
  4 freezing wraiths
  2 tengu conjurers
  An efreet (D:15)
  12 trolls
  2 meliai
  9 polar bears
  3 harpy zombies (Shoals:3)
  The ghost of Frank the Slasher, an amateur DsFi (D:3)
  8 snapping turtles
  27 tarantellas
  15 blink frogs
  21 merfolk
  Prince Ribbit (D:5)
  A blink frog (shapeshifter) (D:14)
  5 wind drakes
  3 hornets
  2 human skeletons (Vaults:3)
  34 jumping spiders
  4 dream sheep (Shoals:3)
  2 centaur simulacra
  23 slime creatures
  2 shadows (D:12)
  25 culicivoras
  5 wyverns
  30 yaks
  3 basilisks
  4 water elementals
  A wraith (D:12)
  3 vampires
  Grum (D:8)
  A fire elemental (D:15)
  2 steam dragons (Lair:5)
  2 vampire mosquitoes (D:12)
  53 redbacks
  A death yak simulacrum (Lair:4)
  6 wargs
  3 acid dragons
  A swamp worm (shapeshifter) (D:14)
  6 water moccasins
  A sky beast (D:7)
  41 orc warriors
  A manticore zombie (Shoals:3)
  6 ice beasts
  5 black bears
  An ettin simulacrum (Vaults:3)
  A boggart (D:12)
  7 ogres
  13 centaurs
  13 wolves
  A kobold brigand (D:9)
  A phantom (D:5)
  10 bullfrogs
  2 gnoll sergeants
  A wyvern zombie (D:3)
  A cane toad simulacrum (Lair:4)
  13 wights
  A hornet simulacrum (D:15)
  A water moccasin zombie (D:3)
  An elephant simulacrum (Lair:4)
  16 killer bees
  7 electric eels
  7 howler monkeys
  A crimson imp (D:14)
  5 lava snakes (D:15)
  8 jellies
  23 orc priests
  5 hounds
  Crazy Yiuf (D:5)
  3 sleepcaps
  Natasha (D:4)
  3 iguanas
  22 orc wizards
  4 hell rats (Lair:3)
  2 polar bear simulacra (Lair:4)
  A howler monkey skeleton (D:3)
  5 adders
  5 gnolls
  2 howler monkey simulacra (D:8)
  5 white imps
  4 ufetubi
  2 worms
  A dart slug (D:3)
  76 orcs
  2 bats (D:1)
  An endoplasm (D:4)
  A giant cockroach (D:4)
  4 hobgoblins
  2 jackals (D:3)
  7 kobolds
  2 quokkas
  3 ball pythons
  A frilled lizard (D:3)
  7 goblins
  2 rats
  4 tentacles (Shoals:3)
1238 creatures vanquished.

Vanquished Creatures (collateral kills)
  Gastronok (Lair:3)
  A vault warden (Vaults:3)
  A broodmother (Spider:4)
  An ironbound preserver (Vaults:1)
  An ironbound thunderhulk (Vaults:1)
  A dire elephant (Vaults:3)
  A spark wasp (Spider:4)
  A merfolk javelineer (Shoals:4)
  A merfolk impaler (Shoals:4)
  A satyr (Shoals:3)
  An ironbound frostheart (IceCv)
  An orc high priest (Orc:2)
  A death yak (IceCv)
  2 orb spiders
  A cyclops (D:12)
  A faun (Shoals:3)
  A wolf spider (Spider:4)
  A demonic crawler (Spider:4)
  A yaktaur (Vaults:1)
  A meliai (Spider:4)
  A polar bear (IceCv)
  A merfolk (Shoals:3)
  3 tarantellas (Spider:1)
  3 jumping spiders
  3 slime creatures
  2 culicivoras (Spider:4)
  A redback (Spider:4)
  A manticore zombie (Shoals:3)
  4 orc warriors (Orc:2)
  A bullfrog (Lair:3)
  An orc priest (Orc:2)
  A hell rat (Lair:3)
  9 orcs
52 creatures vanquished.

Vanquished Creatures (others)
  A wizard (Vaults:2)
  An orc priest (Orc:2)
  An orc wizard (Vaults:2)
  A kobold (D:4)
  25 fungi
  66 plants
  13 tentacles (Shoals:3)
108 creatures vanquished.

Grand Total: 1398 creatures vanquished

Notes
Turn   | Place    | Note
-------+----------+-------------------------------------------
     0 | D:1      | raph the Demonspawn Gladiator began the quest for the Orb.
     0 | D:1      | Reached XP level 1. HP: 16/16 MP: 1/1
   632 | D:2      | Reached skill level 3 in Long Blades
   632 | D:2      | Gained mutation: You are partially covered in large bone
                  | plates. (SH +4) [demonic ancestry]
   632 | D:2      | Reached XP level 2. HP: 22/22 MP: 2/2
   847 | D:2      | Gained mutation: You are partially covered in sharp spines.
                  | [demonic ancestry]
   847 | D:2      | Reached XP level 3. HP: 28/28 MP: 3/3
  1217 | D:3      | Noticed Frank's ghost (amateur DsFi)
  1217 | D:3      | Found a transporter.
  1368 | D:3      | You fall into a shaft and drop 1 floor!
  1526 | D:4      | Noticed Natasha
  1534 | D:4      | Killed Natasha
  1586 | D:4      | Gained mutation: Your demonic aura sometimes causes spilled
                  | blood to erupt in flames. [demonic ancestry]
  1586 | D:4      | Reached XP level 4. HP: 34/34 MP: 4/4
  1723 | D:4      | Reached XP level 5. HP: 40/40 MP: 5/5
  1737 | D:4      | Found a staircase to the Ecumenical Temple.
  1747 | Temple   | Entered the Ecumenical Temple
  1815 | Temple   | Became a worshipper of Makhleb the Destroyer
  2082 | D:3      | Reached skill level 4 in Long Blades
  2126 | D:3      | Found a transporter.
  2321 | D:3      | Identified the ring of Bam Biub {Drain rF+ rN+ MP+9 Int+3}
  2840 | D:4      | Reached * piety under Makhleb
  3065 | D:5      | Entered Level 5 of the Dungeon
  3067 | D:5      | Noticed Prince Ribbit
  3078 | D:5      | Killed Prince Ribbit
  3079 | D:5      | Reached skill level 1 in Armour
  3079 | D:5      | Reached skill level 1 in Shields
  3079 | D:5      | Reached XP level 6. HP: 47/47 MP: 6/6
  3246 | D:5      | Reached XP level 7. HP: 52/52 MP: 7/7
  3317 | D:5      | Reached skill level 5 in Long Blades
  3712 | D:5      | Found a runed translucent door.
  3713 | D:5      | Noticed Crazy Yiuf
  3724 | D:5      | Killed Crazy Yiuf
  4088 | D:5      | Gained mutation: You have sharp fingernails. [demonic
                  | ancestry]
  4088 | D:5      | Reached XP level 8. HP: 60/60 MP: 8/8
  4157 | D:5      | Found the +7 Kryia's mail coat {PotionHeal*2 rC+}
  4314 | D:6      | Reached skill level 6 in Long Blades
  4360 | D:6      | Reached ** piety under Makhleb
  4489 | D:6      | Reached skill level 1 in Invocations
  4501 | D:6      | Identified a scroll of acquirement
  4501 | D:6      | Acquired the +3 warlock's mirror {omnireflect}
  4501 | D:6      | Found the +3 warlock's mirror {omnireflect}
  4553 | D:6      | Reached skill level 5 in Dodging
  4948 | D:7      | Reached XP level 9. HP: 67/67 MP: 10/10
  4962 | D:7      | Reached skill level 5 in Fighting
  5611 | D:7      | Found Redux's Armour Emporium.
  5619 | D:7      | Bought a +2 pair of boots for 214 gold pieces
  5870 | D:8      | Noticed Joseph
  5881 | D:8      | Killed Joseph
  5882 | D:8      | Reached skill level 7 in Long Blades
  5908 | D:8      | Noticed Phaedo's ghost (novice AtWr)
  5918 | D:8      | Found a runed translucent gate.
  5918 | D:8      | Found a runed translucent gate.
  5918 | D:8      | Found a runed translucent gate.
  5929 | D:8      | Found a radiant altar of Vehumet.
  6252 | D:8      | Noticed Grum
  6260 | D:8      | Killed Grum
  6306 | D:8      | Found a basalt altar of Yredelemnul.
  6353 | D:8      | Found an opulent altar of Gozag.
  6366 | D:8      | Found a hazy altar of Hepliaklqana.
  6491 | D:8      | Reached *** piety under Makhleb
  6566 | D:8      | Found Yrphehio's Antique Armour Shoppe.
  6643 | D:8      | Reached XP level 10. HP: 76/76 MP: 13/13
  6927 | D:9      | Found Hedu's Magic Scroll Emporium.
  6934 | D:9      | Bought a scroll of identify for 24 gold pieces
  7058 | D:9      | Reached skill level 8 in Long Blades
  7089 | D:9      | Reached skill level 5 in Invocations
  7175 | D:9      | Found a staircase to the Lair.
  7444 | D:9      | Reached skill level 5 in Shields
  7540 | D:9      | Reached **** piety under Makhleb
  7541 | D:9      | Reached skill level 5 in Armour
  7620 | D:9      | Noticed Harold
  7627 | D:9      | Killed Harold
  7873 | D:10     | Entered Level 10 of the Dungeon
  8454 | D:10     | Reached skill level 9 in Long Blades
  8486 | D:10     | Found an iron altar of Okawaru.
  8566 | Lair:1   | Entered Level 1 of the Lair of Beasts
  8587 | Lair:1   | Gained mutation: You are mostly covered in large bone
                  | plates. (SH +6) [demonic ancestry]
  8587 | Lair:1   | Reached XP level 11. HP: 83/83 MP: 15/15
  9099 | Lair:1   | Found a runed translucent door.
  9100 | Lair:1   | Noticed HumanPerson's ghost (journeyman FoFi)
  9793 | Lair:2   | Found a hole to the Spider Nest.
  9841 | Lair:2   | Identified the +8 scale mail of Vojumuam {rN+ Int-4 Slay+2}
 10657 | Lair:3   | Noticed Gastronok
 10669 | Lair:3   | Killed Gastronok
 10670 | Lair:3   | Reached skill level 10 in Long Blades
 10704 | Lair:3   | Identified the +1 chain mail of Contentment {Harm rPois
                  | Str-5 SInv}
 10855 | Lair:3   | You fall into a shaft and drop 2 floors!
 10855 | Lair:5   | Entered Level 5 of the Lair of Beasts
 10866 | Lair:5   | Noticed a death yak
 10867 | Lair:5   | Noticed a death yak
 10867 | Lair:5   | Noticed a death yak
 11083 | Lair:4   | Reached XP level 12. HP: 92/92 MP: 18/18
 11205 | Lair:4   | Found a staircase to the Slime Pits.
 11205 | Lair:4   | Found a viscous altar of Jiyva.
 11254 | Lair:4   | Reached ***** piety under Makhleb
 11294 | Lair:4   | Found a frozen archway.
 11300 | IceCv    | Entered an ice cave
 11515 | IceCv    | Noticed a death yak
 11531 | IceCv    | Killed a death yak
 12075 | IceCv    | Noticed a death yak
 12076 | IceCv    | Noticed a death yak
 12090 | IceCv    | Killed a death yak
 12091 | IceCv    | Reached skill level 11 in Long Blades
 12095 | IceCv    | Killed a death yak
 12401 | IceCv    | Noticed a death yak
 12401 | IceCv    | Noticed an ironbound frostheart
 12401 | IceCv    | Noticed an ironbound frostheart
 12401 | IceCv    | Noticed a death yak
 12401 | IceCv    | Noticed a death yak
 12410 | IceCv    | Killed a death yak
 12418 | IceCv    | Killed a death yak
 12441 | IceCv    | Killed a death yak
 12464 | IceCv    | Killed an ironbound frostheart
 12478 | IceCv    | Killed an ironbound frostheart
 12479 | IceCv    | Reached XP level 13. HP: 55/100 MP: 20/20
 13247 | Lair:3   | Found a staircase to the Shoals.
 13296 | Lair:3   | Noticed Nessos
 13307 | Lair:3   | Killed Nessos
 13774 | Spider:1 | Entered Level 1 of the Spider Nest
 13832 | Shoals:1 | Entered Level 1 of the Shoals
 13942 | Lair:5   | Noticed an azure jelly
 13973 | Lair:4   | Killed an azure jelly
 13974 | Lair:4   | Reached skill level 10 in Invocations
 14231 | Lair:5   | Reached skill level 12 in Long Blades
 14370 | Lair:5   | Noticed a dire elephant
 14421 | Lair:5   | Killed a dire elephant
 14710 | Lair:5   | HP: 4/101 [drowned by a drowned soul[a merfolk avatar]
                  | (17)]
 14719 | Lair:5   | Identified the +5 trident of Tuarud {freeze, rPois Dex+2}
 16178 | D:8      | Bought the +3 pair of mountain boots {steadfast, rC+} for
                  | 636 gold pieces
 16178 | D:8      | Found the +3 pair of mountain boots {steadfast, rC+}
 16707 | D:12     | Reached XP level 14. HP: 106/109 MP: 22/22
 16736 | D:12     | Noticed Fannar
 16741 | D:12     | Killed Fannar
 16827 | D:12     | Identified the +3 buckler of the Buccaneer {*Corrode rPois
                  | Str+3 SInv}
 16849 | D:12     | Reached skill level 10 in Fighting
 16884 | D:12     | Paralysed by a deep elf pyromancer for 3 turns
 16906 | D:12     | Identified the +4 dagger of Ditin {protect, Dex+7}
 16946 | D:12     | Reached skill level 13 in Long Blades
 17288 | D:12     | Noticed Jorgrun
 17317 | D:12     | Killed Jorgrun
 17634 | D:12     | Found Xojy's Antique Weapon Emporium.
 17663 | D:12     | Found a staircase to the Orcish Mines.
 18095 | Orc:1    | Entered Level 1 of the Orcish Mines
 18116 | Orc:1    | Found Ajyaz's Assorted Antiques.
 18124 | Orc:1    | Bought 2 scrolls labelled FEUWNO XOCHYSESAOD for 50 gold
                  | pieces
 18124 | Orc:1    | Bought a scroll of brand weapon for 237 gold pieces
 18124 | Orc:1    | Bought a tiny diamond amulet for 125 gold pieces
 18124 | Orc:1    | Bought a blackened silver ring for 125 gold pieces
 18124 | Orc:1    | Bought a potion of haste for 250 gold pieces
 18480 | Orc:1    | Reached ****** piety under Makhleb
 18547 | Orc:2    | Entered Level 2 of the Orcish Mines
 18570 | Orc:2    | Found a staircase to the Elven Halls.
 18762 | Orc:1    | Got the Excursus on the Relocated Stinger
 19158 | Orc:2    | Reached skill level 1 in Evocations
 19172 | Orc:2    | Reached skill level 10 in Dodging
 19538 | Orc:2    | Gained mutation: Your demonic aura often causes spilled
                  | blood to erupt in flames. [demonic ancestry]
 19538 | Orc:2    | Reached XP level 15. HP: 96/117 MP: 24/24
 19644 | Orc:2    | Found Xidysm's Antique Weapon Boutique.
 19644 | Orc:2    | Found Wuefo's Book Boutique.
 19645 | Orc:2    | Found Weutwuo's Book Shop.
 19645 | Orc:2    | Found Zog Zaej's Antique Armour Boutique.
 20636 | D:13     | Noticed Urug
 20643 | D:13     | Killed Urug
 20947 | D:14     | Found an ornate altar of the Wu Jian Council.
 21184 | D:14     | Reached skill level 5 in Throwing
 21201 | D:14     | Found a gate to the Vaults.
 21750 | D:15     | Entered Level 15 of the Dungeon
 21845 | D:15     | Reached skill level 14 in Long Blades
 22938 | D:15     | Found a staircase to the Depths.
 22938 | D:15     | Noticed a fire giant
 22968 | D:15     | Killed a fire giant
 23937 | D:3      | Killed Frank's ghost
 24215 | D:8      | Killed Phaedo's ghost
 24310 | D:9      | Bought a scroll of enchant weapon for 90 gold pieces
 24310 | D:9      | Bought a scroll of enchant weapon for 90 gold pieces
 24310 | D:9      | Bought a scroll of enchant armour for 90 gold pieces
 24310 | D:9      | Bought a scroll of magic mapping for 90 gold pieces
 24310 | D:9      | Bought a scroll of teleportation for 36 gold pieces
 24527 | Shoals:1 | Identified the ring of the Princess {rC+ rN+ Str+3}
 24827 | Shoals:1 | Found Uxey's Book Boutique.
 25355 | Shoals:2 | Reached skill level 10 in Armour
 25411 | Shoals:2 | Gained mutation: You have very sharp fingernails. [demonic
                  | ancestry]
 25411 | Shoals:2 | Reached XP level 16. HP: 126/126 MP: 25/25
 25431 | Shoals:2 | Identified the +9 quarterstaff of Breach {freeze, *Slow
                  | rCorr Str+4}
 26136 | Shoals:3 | Noticed a kraken
 26337 | Shoals:3 | Killed a kraken
 27141 | Shoals:3 | Reached skill level 5 in Evocations
 27733 | Shoals:4 | Entered Level 4 of the Shoals
 27956 | Shoals:4 | Got a barnacled rune of Zot
 29080 | Spider:1 | Identified the +1 robe of the Shore {+Blink rN++ Int+2
                  | Slay-5}
 29116 | Spider:1 | Identified the +0 leather armour "Peghoaca" {rPois rF++
                  | Stlth+}
 29453 | Spider:1 | Found a large runed translucent door.
 29453 | Spider:1 | Found a large runed translucent door.
 29455 | Spider:1 | Noticed jazmu's ghost (journeyman DgEE)
 29787 | Spider:1 | Reached XP level 17. HP: 52/133 MP: 1/27
 30094 | Spider:1 | Noticed Agnes
 30112 | Spider:1 | Killed Agnes
 30985 | Spider:1 | Noticed Rupert
 30998 | Spider:1 | Killed Rupert
 31284 | Spider:1 | Killed jazmu's ghost
 31288 | Spider:1 | Identified the orb "Wodakij" {light, rPois rF+ Will+}
 31291 | Spider:1 | Got Vyskeuc's Folio of the Viper
 32201 | Spider:2 | Reached skill level 15 in Invocations
 33956 | Spider:3 | Reached skill level 15 in Long Blades
 34739 | Spider:3 | Identified the +6 rapier of Reapportionment {heavy, Fragile
                  | rC++ rN+ Stlth+}
 35121 | Spider:4 | Entered Level 4 of the Spider Nest
 36410 | Spider:4 | Noticed Mlioglotl
 36417 | Spider:4 | Killed Mlioglotl
 36418 | Spider:4 | Gained mutation: You are mostly covered in sharp spines.
                  | [demonic ancestry]
 36418 | Spider:4 | Reached XP level 18. HP: 136/143 MP: 29/29
 37499 | Spider:4 | Got a gossamer rune of Zot
 37820 | Vaults:1 | Entered Level 1 of the Vaults
 38501 | Vaults:1 | Noticed Donald
 38520 | Vaults:1 | Killed Donald
 38537 | Vaults:1 | Paralysed by a great orb of eyes for 3 turns
 39230 | Vaults:1 | Noticed Zenata
 39252 | Vaults:1 | HP: 6/145 [+4 glaive of venom[Zenata] (7)]
 39792 | Vaults:1 | Found Gamot's Magic Scroll Shop.
 39802 | Vaults:1 | Bought a scroll of enchant weapon for 142 gold pieces
 39802 | Vaults:1 | Bought a scroll of enchant weapon for 142 gold pieces
 39802 | Vaults:1 | Bought a scroll of enchant weapon for 142 gold pieces
 39802 | Vaults:1 | Bought a scroll of teleportation for 57 gold pieces
 40047 | Vaults:1 | Noticed Asterion
 40054 | Vaults:1 | Killed Asterion
 40086 | Vaults:1 | HP: 7/145 [slime creature (14)]
 40704 | Vaults:2 | Reached skill level 10 in Throwing
 41522 | Vaults:2 | Gained mutation: You have claws for hands. [demonic
                  | ancestry]
 41522 | Vaults:2 | Reached XP level 19. HP: 152/152 MP: 30/30
 42548 | Vaults:2 | Found a staircase to the Crypt.
 42835 | Vaults:2 | Reached skill level 16 in Long Blades
 42837 | Vaults:2 | Reached skill level 10 in Evocations
 43739 | Vaults:3 | Noticed Saint Roka
 43755 | Vaults:3 | Killed Saint Roka
 44228 | Vaults:3 | Noticed Boris
 44240 | Vaults:3 | Killed Boris
 45408 | Vaults:4 | Noticed Boris
 45438 | Vaults:4 | Killed Boris
 45439 | Vaults:4 | Gained mutation: You punish those that try to bend your
                  | will. (Will+) [demonic ancestry]
 45439 | Vaults:4 | Reached XP level 20. HP: 131/161 MP: 31/31
 45726 | Vaults:4 | Reached skill level 15 in Fighting
 46662 | Vaults:4 | Noticed Margery
 46670 | Vaults:4 | Killed Margery
 46696 | Vaults:4 | HP: 4/162 [brown very ugly thing (5)]
 46696 | Vaults:4 | Splashed by a brown very ugly thing's acid

Illustrated notes

Levels and vault maps discovered:
D:1:      elethiomel_arrival_quiet, layout_basic, chequers_serial_rivers_room_a,
          minmay_shallow_snake_nest
D:2:      layout_basic
D:3:      layout_basic, gammafunk_ghost_mausoleum
D:4:      layout_cave_pods, minmay_temple_entry_slanted,
          kennysheep_generic_room_4, uniq_natasha
D:5:      layout_basic, uniq_prince_ribbit1, uniq_crazy_yiuf_cottage
D:6:      layout_layer_cave, nicolae_sextant, minmay_checkerbox
D:7:      layout_loops_ring, serial_shops, nicolae_shop_pleasant_corner_grove,
          minmay_misc_feat_columns
D:8:      layout_basic, kennysheep_ying_yang, nicolae_vehumet_altar_sigil,
          mainiacjoe_overflow_large_starburst, gammafunk_ghost_icy,
          serial_shops, shop, uniq_grum, uniq_joseph
D:9:      layout_basic, grunt_lair_entry_orc_guard_hut, serial_shops,
          nicolae_stop_n_shop_1, uniq_harold
D:10:     layout_roguey, gammafunk_temple_overflow_wave
D:11:     layout_loops_corners
D:12:     minmay_the_grid_square_5x5_5x5_mashed [minmay_the_grid_square_5x5_tie,
          minmay_the_grid_square_5x5_spiral, minmay_the_grid_square_5x5_inner_v,
          minmay_the_grid_square_5x5_bite,
          minmay_the_grid_square_5x5_spiral_small,
          minmay_the_grid_square_5x5_comb,
          minmay_the_grid_square_5x5_prize_rear_guard,
          minmay_the_grid_square_5x5_inverted_slash,
          minmay_the_grid_square_5x5_prize_gold,
          minmay_the_grid_square_5x5_intrusive_squares,
          minmay_the_grid_square_5x5_tri_point,
          minmay_the_grid_square_5x5_half_checkered,
          minmay_the_grid_square_5x5_prize_snowflake,
          minmay_the_grid_square_5x5_n, minmay_the_grid_square_5x5_empty,
          minmay_the_grid_square_5x5_minivault,
          minmay_the_grid_square_5x5_prize_waves,
          minmay_the_grid_square_5x5_six, minmay_the_grid_square_5x5_prize_open,
          minmay_the_grid_square_5x5_shrine1,
          minmay_the_grid_square_5x5_minibox,
          minmay_the_grid_square_5x5_sharp_hourglass,
          minmay_the_grid_square_5x5_n_small, minmay_the_grid_square_5x5_fat_x,
          minmay_the_grid_square_5x5_two], layout_loops_cross, serial_shops,
          nicolae_shop_rolling_square, uniq_jorgrun, uniq_fannar
D:13:     layout_cave_pools, uniq_urug
D:14:     layout_roguey, david_vaults_2, pdpol_wu_jian_five_deadly_venoms,
          lightli_wizard_tower
D:15:     grunt_enter_depths_giant_problem, layout_basic,
          minmay_misc_feat_four_crosses
Temple:   eino_wide_crystal_templ
Lair:1:   layout_small_grid, ebering_ghost_reflecting_pool
Lair:2:   layout_gridlike, spider_nest_entry_funnel_web, serial_bayou_shore_a,
          infiniplex_staircase_pool
Lair:3:   layout_layer_cave, minmay_shoals_entry_lonely_mermaid, uniq_nessos,
          uniq_gastronok
Lair:4:   layout_loops_ring, minmay_slime_entry_pillars,
          portal_ice_cave_entry_ice_simulacra, serial_bayou_shore_b,
          grunt_megastairs_3, lemuel_fruit_tree
Lair:5:   gammafunk_lair_ancient_temple, layout_hall_layers, minivault_26,
          nicolae_lair_time_for_slime
Shoals:1: layout_shoals, serial_shops, nicolae_shop_tiny_waterfront
Shoals:2: layout_shoals
Shoals:3: layout_shoals, nicolae_shoals_undead_eyrie
Shoals:4: shoals_end_grunt_ice, layout_shoals, nicolae_shoals_aquamancer_cove,
          uniq_polyphemus
Spider:1: nicolae_spider_hilbert_zone_4 [nicolae_spider_hilbert_4_sides_2_open,
          nicolae_spider_hilbert_4_sides_1_open,
          nicolae_spider_hilbert_4_sides_1_open,
          nicolae_spider_hilbert_4_sides_1_open,
          nicolae_spider_hilbert_4_sides_1_open,
          nicolae_spider_hilbert_2_sides_1_open,
          nicolae_spider_hilbert_2_sides_1_open,
          nicolae_spider_hilbert_2_sides_1_open,
          nicolae_spider_hilbert_2_sides_1_open,
          nicolae_spider_hilbert_6_sides_1_open,
          nicolae_spider_hilbert_6_sides_1_open,
          nicolae_spider_hilbert_3_sides_1_open,
          nicolae_spider_hilbert_3_sides_1_open], ebering_ghost_disaster_area,
          hellmonk_motheaten_closet, uniq_rupert, uniq_agnes
Spider:2: layout_cave_pods
Spider:3: layout_spider_delve, drop_trap, hellmonk_narrow_tunnel
Spider:4: hellmonk_spider_rune_endless_swarm, uniq_mlioglotl
Orc:1:    layout_caves, serial_shops, nicolae_shop_trees, library_closet
Orc:2:    st_orc_pillars, layout_caves, basic_altar, nooodl_orcs_dogs
Vaults:1: nicolae_vaults_variable_pillar_hall, nicolae_vaults_double_plus_1,
          v_misc_28, v_rooms_5, vaults_dpeg_emergency_exit,
          hangedman_vaults_restitches, vaults_room_grunt_arrival_checkpoint,
          v_pattern_2, nicolae_vaults_bisected_inception,
          vaults_standard_mumra_x, nicolae_vaults_hallways_thing,
          nicolae_vaults_shipping_containers_2, grunt_vaults_hallway_short,
          layout_vaults_maze_bifur, serial_shops, nicolae_shop_hallway_plus,
          uniq_asterion, uniq_zenata, uniq_donald
Vaults:2: vaults_dpeg_spiral, v_alt_pattern_1, ontoclasm_vaults_chip,
          nicolae_vaults_murderbox, grunt_vaults_swirl,
          minmay_crypt_entry_simple_round, nicolae_vaults_theta,
          v_alt_pattern_3, nicolae_vaults_tetromino_Z_1,
          nicolae_vaults_closet_pinwheel_1, grunt_vaults_funnel,
          nicolae_vaults_tetromino_Z_1, ontoclasm_vaults_decontamination,
          nicolae_vaults_turnstiles, layout_vaults_omnigrid
Vaults:3: ontoclasm_vaults_spin, nicolae_vaults_six-pack, vaults_mumra_chevron,
          v_rooms_5, nicolae_vaults_wrenched, v_misc_10,
          nicolae_vaults_circle_grid_b, nicolae_vaults_frosty_reception,
          vaults_mumra_lcd, vaults_room_pool, nicolae_vaults_ring_of_whatevers,
          nicolae_vaults_tetromino_L_2, vaults_room_hallway,
          nicolae_vaults_enemy_cabinets, layout_vaults_big_cross, uniq_boris,
          uniq_saint_roka
Vaults:4: nicolae_vaults_ellipses_ellipsis, nicolae_vaults_minivaults,
          vaults_room_pool, vaults_mumra_hexcomb,
          nicolae_vaults_border_crossing, nicolae_vaults_tetromino_Z_2,
          v_rooms_3, dpeg_vaults_monster_box, vaults_dpeg_encased_lava,
          layout_vaults_chaotic_city, uniq_margery, uniq_jory

Skill      XL: |  1  2  3  4  5  6  7  8  9 10 11 12 13 14 15 16 17 18 19 20 |
---------------+-------------------------------------------------------------+-----
Long Blades    | 3 4 5 6 7 9 10 11 12 13 14 15 16 | 16.7
Throwing       | 2 3 4 6 7 9 10 11 | 11.6
Dodging        | 3 4 5 6 7 8 9 10 11 12 13 14 | 14.2
Fighting       | 3 4 5 6 7 8 9 10 11 12 13 14 15 | 15.3
Armour         | 1 2 3 4 5 6 7 8 9 10 11 12 13 | 13.8
Shields        | 1 2 3 4 5 6 7 8 9 |  9.6
Invocations    | 1 4 6 8 9 11 12 13 14 15 | 15.0
Evocations     | 1 4 6 8 9 10 11 | 11.4

Action                     |  1- 3 |  4- 6 |  7- 9 | 10-12 | 13-15 | 16-18 | 19-21 || total
---------------------------+-------+-------+-------+-------+-------+-------+-------++-------
  Melee: Long sword        |    75 |   116 |   325 |    91 |       |       |       ||   607
         Punch             |     1 |       |       |       |       |       |       ||     1
         Scimitar          |       |       |       |   606 |  1397 |  1831 |   696 ||  4530
  Throw: Boomerang         |       |       |       |    12 |    38 |    84 |    19 ||   153
         Dart              |       |       |       |       |     4 |       |       ||     4
 Invoke: Minor Destruction |       |       |     2 |     3 |    21 |    19 |     2 ||    47
         Lesser Servant of |       |       |       |     5 |    11 |    13 |     2 ||    31
         Major Destruction |       |       |       |     1 |     3 |    10 |     3 ||    17
         Greater Servant o |       |       |       |       |     3 |     8 |     3 ||    14
  Evoke: Wand              |       |       |       |     4 |     4 |     3 |       ||    11
         Condenser vane    |       |       |       |       |       |     2 |       ||     2
         Phial of floods   |       |       |       |       |       |     1 |       ||     1
    Use: Scroll            |     6 |     6 |     5 |     9 |    14 |    16 |     2 ||    58
         Potion            |       |       |       |     5 |     2 |    10 |     3 ||    20
   Stab: Distracted        |       |     1 |       |     1 |     1 |     3 |     1 ||     7
         Petrified         |       |       |       |     2 |       |       |       ||     2
         Petrifying        |       |       |       |     1 |       |       |       ||     1
         Invisible         |       |       |       |     2 |       |       |       ||     2
         Confused          |       |       |       |       |     1 |     4 |       ||     5
         Paralysed         |       |       |       |       |     1 |       |     2 ||     3
 Armour: Leather armour    |    14 |       |       |       |       |       |       ||    14
         Ring mail         |    14 |    15 |    11 |       |       |       |       ||    40
         Scale mail        |       |       |    62 |   180 |   314 |   866 |   184 ||  1606
  Dodge: Dodged            |    61 |    48 |   110 |   291 |   505 |  1066 |   359 ||  2440
  Block: Other             |    19 |    18 |       |       |       |       |       ||    37
         Reflection        |       |     7 |     7 |    18 |   119 |    79 |    63 ||   293
         Kite shield       |       |   103 |   135 |       |       |       |       ||   238
         Buckler           |       |       |   189 |   717 |  1323 |  2267 |   458 ||  4954
